Map: Acropolis LE

Players

TanK

  • Race: Protoss Protoss
  • League: Platinum
  • Spawn Location: 5:00

pHARM - Winner!

  • Race: Zerg Zerg
  • League: Platinum
  • Spawn Location: 11:00

VOD

Have the link to the VOD?

Description

Time

  • Played on: Aug. 24, 2019, 7:46 p.m.
  • Length: 12:41
Show
View Real Time Build Order
Export as new Build Order

TanK Protoss 

Build Orders: Cannon Rush, Carriers 

Get SALT Encoding   

  12  0:01  Probe  
  13  0:13  Probe  
  14  0:22  Pylon  
  14  0:29  Probe  
  15  0:42  Probe  
  15  0:43  Forge  
  16  0:50  Probe  
  16  0:56  Pylon  
  17  1:05  Pylon  
  17  1:18  Pylon  
  17  1:20  Photon Cannon  
  17  1:27  Photon Cannon  
  17  1:35  Photon Cannon  
  17  1:46  Probe  
  17  1:59  Probe  
  18  2:09  Nexus  
  18  2:11  Probe  
  19  2:18  Gateway  
  19  2:23  Probe  
  20  2:35  Probe  
  21  2:39  Assimilator  
  21  2:46  Assimilator  
  21  2:47  Probe  
  21  2:50  Pylon  
  22  2:59  Probe  
  23  3:11  Probe  
  24  3:15  Cybernetics Core  
  24  3:18  Probe  
  24  3:20  Probe  
  24  3:21  Pylon  
  24  3:26  Probe  
  26  3:28  Probe  
  28  3:35  Probe  
  28  3:37  Probe  
  30  3:43  Probe  
  30  3:45  Probe  
  31  3:51  Probe  
  31  3:53  Stargate, Probe  
  31  3:55  Stalker  
  36  4:02  Probe  
  36  4:04  Probe  
  36  4:09  Assimilator  
  38  4:14  Photon Cannon  
  38  4:15  Probe  
  38  4:16  Probe  
  40  4:27  Probe  
  40  4:28  Probe  
  41  4:38  Void Ray  
  41  4:39  Probe  
  41  4:40  Probe  
  47  4:51  Probe  
  47  4:52  Probe  
  49  4:53  Nexus  
  49  4:55  Protoss Air Weapons Level 1  
  49  5:03  Probe  
  49  5:04  Photon Cannon  
  49  5:07  Assimilator  
  50  5:19  Fleet Beacon  
  50  5:23  Pylon  
  50  5:27  Void Ray  
  54  5:29  Pylon  
  54  5:34  Pylon  
  54  5:43  Assimilator  
  54  5:47  Assimilator  
  54  5:50  Pylon  
  54  5:54  Stargate  
  54  5:58  Stargate  
  54  6:03  Probe  
  54  6:11  Probe  
  56  6:20  Probe  
  56  6:21  Carrier  
  63  6:30  Photon Cannon  
  63  6:32  Probe  
  64  6:35  Photon Cannon  
  64  6:43  Probe  
  64  6:45  Carrier  
  71  6:51  Probe  
  71  6:56  Stalker  
  71  7:00  Probe  
  74  7:04  Nexus  
  74  7:08  Pylon  
  75  7:11  Probe  
  75  7:12  Pylon  
  75  7:14  Carrier  
  82  7:20  Probe x2  
  84  7:23  Probe  
  84  7:27  Carrier  
  85  7:32  Probe  
  85  7:35  Probe  
  93  7:39  Pylon  
  93  7:47  Probe  
  93  7:48  Probe  
  93  7:49  Probe  
  96  7:52  Carrier  
  90  8:00  Probe  
  95  8:19  Carrier  
  94  8:45  Nexus  
  94  9:01  Pylon  
  94  9:19  Carrier, Pylon, Probe  
  94  9:22  Pylon  
  92  9:51  Nexus  
  88  10:21  Carrier  
  94  10:46  Carrier  
  100  10:51  Probe  
  100  10:52  Probe  
  102  11:03  Probe  
  102  11:04  Probe  
  101  11:47  Probe  
  95  12:00  Gateway  
  95  12:01  Gateway  
  95  12:04  Gateway  
  95  12:08  Probe x2  
  97  12:11  Twilight Council, Probe  
  98  12:20  Probe  
Show
View Real Time Build Order
Export as new Build Order

pHARM Zerg - Winner!

Build Orders: Hatch First 

Get SALT Encoding   

  12  0:01  Drone  
  13  0:13  Overlord  
  13  0:17  Drone  
  14  0:35  Drone x3  
  17  0:58  Hatchery  
  16  1:15  Drone x3  
  19  1:37  Drone x2  
  21  1:42  Spawning Pool  
  20  2:02  Drone x2  
  20  2:07  Extractor  
  21  2:14  Drone  
  22  2:20  Drone  
  23  2:30  Queen  
  23  2:31  Queen  
  23  2:33  Zergling x2  
  28  2:46  Overlord  
  28  3:04  Drone x4  
  32  3:08  Lair  
  32  3:10  Queen  
  32  3:12  Drone x2  
  36  3:28  Overlord x2  
  36  3:46  Drone x9  
  45  3:50  Hatchery  
  44  4:02  Extractor  
  43  4:03  Extractor  
  42  4:10  Evolution Chamber  
  42  4:12  Roach Warren  
  39  4:35  Drone x12  
  51  4:53  Spore Crawler  
  51  4:55  Spore Crawler  
  51  4:59  Hydralisk Den  
  48  5:00  Zerg Missile Weapons Level 1  
  48  5:21  Drone x3  
  48  5:22  Drone x7  
  48  5:24  Spore Crawler  
  48  5:25  Overlord x3  
  57  5:30  Grooved Spines  
  57  5:45  Hydralisk x7  
  57  5:49  Drone x3  
  74  6:09  Extractor  
  74  6:10  Extractor  
  72  6:14  Spore Crawler, Hydralisk x4  
  72  6:17  Queen  
  81  6:23  Drone  
  81  6:24  Overlord x5  
  81  6:25  Overlord  
  82  6:41  Muscular Augments  
  82  6:54  Hydralisk x8  
  98  7:06  Drone x10  
  108  7:10  Zerg Missile Weapons Level 2  
  108  7:29  Hydralisk x5  
  108  7:30  Hydralisk  
  120  7:46  Overseer x3  
  118  8:15  Drone  
  119  8:23  Hatchery  
  96  8:54  Hydralisk  
  96  8:55  Hydralisk x12  
  102  8:57  Overlord x8  
  102  8:58  Overlord  
  122  9:06  Extractor  
  121  9:10  Infestation Pit  
  121  9:16  Drone  
  121  9:18  Evolution Chamber  
  120  9:26  Zerg Ground Armor Level 1  
  120  9:35  Hydralisk x3  
  120  9:36  Hydralisk x10  
  134  10:02  Hydralisk x6  
  134  10:03  Hydralisk  
  130  10:10  Hydralisk x2  
  130  10:12  Overlord x4  
  134  10:19  Drone x3  
  137  10:23  Queen  
  115  10:37  Extractor  
  115  10:39  Hydralisk x8  
  130  10:43  Extractor  
  129  10:52  Drone x5  
  129  10:53  Drone x2  
  136  11:03  Hydralisk  
  136  11:04  Hydralisk x4  
  136  11:11  Hive  
  126  11:31  Hydralisk x7  
  126  11:32  Hydralisk x4  
  148  11:58  Spire  
  147  12:14  Hydralisk  
  147  12:15  Hydralisk x11  
Tags
 
Composition
Carriers
Matchup
PvZ
Replay Pack
10.7.19
Spawn Locations
Cross Positions
Add a new tag
Caveats
  • Supply blocks, unpowered buildings, or Contaminate may cause inaccurate times.
  • Supply counts are checked every 10 seconds.